[Event "POL-chT 1 Liga 2019"]
[Site "Dzwirzyno"]
[Date "2019.09.12"]
[Round "6.22"]
[White "Moscicka, Pola"]
[Black "Bartel, Michal"]
[Result "1/2-1/2"]
[ECO "A62"]
[WhiteElo "1994"]
[BlackElo "2291"]
[Annotator "NA"]
[PlyCount "86"]
[EventDate "2019.09.07"]
[EventType "team-tourn"]
[EventCountry "POL"]
[SourceTitle "playchess.com"]
[Source "ChessBase"]
[SourceQuality "1"]
[TimeControl "40/5400+30:1800+30"]

1. d4 Nf6 2. c4 c5 3. d5 e6 4. Nc3 exd5 5. cxd5 d6 6. g3 g6 7. Bg2 Bg7 8. Nf3 O-O 9. O-O Re8 10. Re1 a6 11. a4 Nbd7 12. Bf4 Qc7 13. e4 Ng4 14. h3 Nge5 15. Qc2 c4 16. Nxe5 Nxe5 17. Bxe5 Bxe5 18. f4 Bg7 19. Kh2 Bd7 20. a5 Rac8 21. Qf2 Qc5 22. Re2 Qb4 23. Qe1 f6 24. Na4 Qxe1 25. Rexe1 Bxa4 26. Rxa4 f5 27. e5 dxe5 28. d6 Rcd8 29. Rd1 e4 30. Rxc4 Bxb2 31. d7 Re6 32. Rc7 Kf8 33. Bf1 e3 34. Be2 b5 35. axb6 Rxb6 36. Rd3 Re6 37. Rb3 Bd4 38. Kg2 Ke7 39. Ra3 a5 40. Rb7 Bb6 41. Rb3 Bc5 42. R3b5 Bb4 43. Rd5 Rd6 1/2-1/2

[Event "POL-chT 1 Liga 2019"]
[Site "Dzwirzyno"]
[Date "2019.09.12"]
[Round "6.23"]
[White "Sliwerski, Radoslaw"]
[Black "Kokoszczynski, Jan"]
[Result "1/2-1/2"]
[ECO "E20"]
[WhiteElo "2078"]
[BlackElo "2289"]
[Annotator "NA"]
[PlyCount "122"]
[EventDate "2019.09.07"]
[EventType "team-tourn"]
[EventCountry "POL"]
[SourceTitle "playchess.com"]
[Source "ChessBase"]
[SourceQuality "1"]
[TimeControl "40/5400+30:1800+30"]

1. d4 Nf6 2. c4 e6 3. Nc3 Bb4 4. g3 O-O 5. Bg2 d5 6. Nf3 dxc4 7. a3 Be7 8. Qa4 a6 9. Qxc4 b5 10. Qd3 c5 11. Ne5 c4 12. Qd1 Ra7 13. d5 Bc5 14. O-O exd5 15. Nxd5 Nxd5 16. Bxd5 Bh3 17. Bg2 Bxg2 18. Kxg2 Re7 19. Qxd8 Rxd8 20. Bf4 f6 21. Ng4 Rxe2 22. Rfd1 Nc6 23. Rxd8+ Nxd8 24. Rd1 Ne6 25. Bc1 h5 26. Kf1 Rc2 27. Ne3 Bxe3 28. Bxe3 Kf7 29. Rd7+ Kg6 30. Rd6 Kf5 31. Rxa6 Rxb2 32. Rc6 Ke5 33. a4 bxa4 34. Rxc4 a3 35. Ra4 a2 36. Kg2 g5 37. h3 f5 38. g4 f4 39. Ba7 h4 40. Kf3 Rb3+ 41. Ke2 Rb2+ 42. Kd3 Rb3+ 43. Ke2 Rxh3 44. Rxa2 Rb3 45. Ra5+ Kd6 46. Kf1 f3 47. Kg1 Rb4 48. Kh2 Rxg4 49. Be3 Rg2+ 50. Kh3 Rg1 51. Kh2 Rg2+ 52. Kh3 Rg1 53. Kh2 Rf1 54. Kh3 Rh1+ 55. Kg4 h3 56. Kg3 h2 57. Rf5 g4 58. Rh5 Rg1+ 59. Kxh2 Rg2+ 60. Kh1 Ke7 61. Bg5+ Nxg5 1/2-1/2

[Event "POL-chT 1 Liga 2019"]
[Site "Dzwirzyno"]
[Date "2019.09.12"]
[Round "6.25"]
[White "Szwed, Jacek"]
[Black "Cukrowski, Filip"]
[Result "1/2-1/2"]
[ECO "C47"]
[WhiteElo "2370"]
[BlackElo "2410"]
[Annotator "NA"]
[PlyCount "84"]
[EventDate "2019.09.07"]
[EventType "team-tourn"]
[EventCountry "POL"]
[SourceTitle "playchess.com"]
[Source "ChessBase"]
[SourceQuality "1"]
[TimeControl "40/5400+30:1800+30"]

1. e4 e5 2. Nf3 Nc6 3. Nc3 Nf6 4. d4 exd4 5. Nxd4 d6 6. Bb5 Bd7 7. Bxc6 bxc6 8. O-O Be7 9. Qf3 O-O 10. h3 Re8 11. e5 dxe5 12. Nxc6 Bxc6 13. Qxc6 Qd6 14. Qc4 Qc5 15. Qa4 Qb4 16. a3 Qxa4 17. Nxa4 Nd5 18. Re1 f6 19. b3 Rad8 20. Kf1 Kf7 21. Bb2 Rd7 22. g3 Red8 23. Nc3 Nxc3 24. Bxc3 Bc5 25. Ke2 Ke6 26. a4 a6 27. Rab1 Rd6 28. Ba5 Bb6 29. Bb4 Rd5 30. Rec1 c6 31. Be1 e4 32. b4 Rh5 33. h4 g5 34. hxg5 e3 35. c4 exf2 36. Bxf2 Bxf2 37. Kxf2 Rxg5 38. Re1+ Kf7 39. Red1 Rxd1 40. Rxd1 Rg4 41. Rc1 Ke6 42. b5 Ke5 1/2-1/2

[Event "POL-chT 1 Liga 2019"]
[Site "Dzwirzyno"]
[Date "2019.09.12"]
[Round "6.26"]
[White "Lewtak, Damian"]
[Black "Zylka, Stanislaw"]
[Result "1/2-1/2"]
[ECO "D94"]
[WhiteElo "2377"]
[BlackElo "2338"]
[Annotator "NA"]
[PlyCount "30"]
[EventDate "2019.09.07"]
[EventType "team-tourn"]
[EventCountry "POL"]
[SourceTitle "playchess.com"]
[Source "ChessBase"]
[SourceQuality "1"]
[TimeControl "40/5400+30:1800+30"]

1. d4 Nf6 2. c4 g6 3. Nc3 d5 4. Nf3 Bg7 5. e3 O-O 6. Be2 dxc4 7. O-O c5 8. dxc5 Qa5 9. Qd4 Be6 10. Ng5 Nc6 11. Qh4 Bd7 12. Qxc4 Ne5 13. Qd4 Nc6 14. Qc4 Ne5 15. Qd4 Nc6 1/2-1/2

[Event "POL-chT 1 Liga 2019"]
[Site "Dzwirzyno"]
[Date "2019.09.12"]
[Round "6.27"]
[White "Koziol, Kamil"]
[Black "Plichta, Kamil"]
[Result "1-0"]
[ECO "B03"]
[WhiteElo "2292"]
[BlackElo "2349"]
[Annotator "NA"]
[PlyCount "63"]
[EventDate "2019.09.07"]
[EventType "team-tourn"]
[EventCountry "POL"]
[SourceTitle "playchess.com"]
[Source "ChessBase"]
[SourceQuality "1"]
[TimeControl "40/5400+30:1800+30"]

1. e4 Nf6 2. e5 Nd5 3. d4 Nb6 4. Nf3 d5 5. Bd3 Bg4 6. h3 Bxf3 7. Qxf3 e6 8. Qg3 c5 9. dxc5 N6d7 10. Nd2 Nc6 11. Nf3 Nxc5 12. O-O Nxd3 13. cxd3 h6 14. h4 g6 15. h5 Rg8 16. Be3 Qa5 17. Rfc1 Be7 18. Bxh6 Kd7 19. Qf4 gxh5 20. Qxf7 d4 21. b4 Nxb4 22. Ng5 Qxe5 23. Nxe6 Na6 24. Rc4 Rg4 25. Bf4 Rxf4 26. Nxf4 b5 27. Ng6 Qd6 28. Re1 bxc4 29. Rxe7+ Kc6 30. Ne5+ Kb5 31. Rb7+ Kc5 32. Qxc4# {[%emt 0:00:08] Kd5} 1-0

[Event "POL-chT 1 Liga 2019"]
[Site "Dzwirzyno"]
[Date "2019.09.12"]
[Round "6.28"]
[White "Reza, Wojciech"]
[Black "Nowak, Mikolaj"]
[Result "0-1"]
[ECO "A04"]
[WhiteElo "2293"]
[BlackElo "2262"]
[Annotator "NA"]
[PlyCount "66"]
[EventDate "2019.09.07"]
[EventType "team-tourn"]
[EventCountry "POL"]
[SourceTitle "playchess.com"]
[Source "ChessBase"]
[SourceQuality "1"]
[TimeControl "40/5400+30:1800+30"]

1. Nf3 f5 2. d3 Nc6 3. d4 e6 4. g3 Nf6 5. Bg2 g6 6. O-O Bg7 7. c4 d6 8. d5 Ne5 9. Nd4 O-O 10. Qc2 Qe7 11. Nd2 Re8 12. e3 a6 13. Nxe6 Bxe6 14. dxe6 c6 15. b3 Qxe6 16. Bb2 d5 17. Rad1 Rad8 18. cxd5 Nxd5 19. Bxe5 Qxe5 20. Nc4 Qc7 21. a4 Nc3 22. Rxd8 Rxd8 23. Re1 b5 24. Na3 Qa5 25. Nb1 bxa4 26. bxa4 Qxa4 27. Qxa4 Nxa4 28. Bxc6 Nb2 29. Na3 a5 30. Bb5 Rb8 31. e4 Bf8 32. Nc4 Rxb5 33. Rb1 a4 0-1

[Event "POL-chT 1 Liga 2019"]
[Site "Dzwirzyno"]
[Date "2019.09.12"]
[Round "6.29"]
[White "Tomaszewski, Kacper"]
[Black "Renkowski, Piotr"]
[Result "1/2-1/2"]
[ECO "D35"]
[WhiteElo "2363"]
[BlackElo "2179"]
[Annotator "NA"]
[PlyCount "81"]
[EventDate "2019.09.07"]
[EventType "team-tourn"]
[EventCountry "POL"]
[SourceTitle "playchess.com"]
[Source "ChessBase"]
[SourceQuality "1"]
[TimeControl "40/5400+30:1800+30"]

1. d4 d5 2. c4 e6 3. Nc3 Nf6 4. cxd5 exd5 5. Bg5 Be7 6. e3 c6 7. Bd3 Ne4 8. Bf4 Bf5 9. Qc2 Qa5 10. f3 Nxc3 11. Bxf5 Ne4+ 12. Kf1 Nf6 13. g4 Na6 14. a3 Nc7 15. Ne2 g6 16. Bd3 Ne6 17. Bg3 h5 18. gxh5 Nxh5 19. Be5 Bf6 20. Bxf6 Nxf6 21. Ng3 Qc7 22. Rg1 O-O-O 23. Rg2 Kb8 24. Be2 Nh5 25. Rd1 Nxg3+ 26. hxg3 Ng5 27. Ke1 Rh3 28. Kf2 Rdh8 29. Rdg1 Rh1 30. Kf1 Rxg1+ 31. Kxg1 Rh3 32. f4 Ne4 33. Bg4 Rxg3 34. Rxg3 Nxg3 35. Qh2 Nf5 36. Qh8+ Qc8 37. Qe5+ Ka8 38. Bxf5 gxf5 39. Qf6 Qe8 40. Kf2 a5 41. Qxf5 1/2-1/2

[Event "POL-chT 1 Liga 2019"]
[Site "Dzwirzyno"]
[Date "2019.09.12"]
[Round "6.30"]
[White "Jablonska, Sabina"]
[Black "Cieslak, Wiktoria"]
[Result "0-1"]
[ECO "E15"]
[WhiteElo "1928"]
[BlackElo "2063"]
[Annotator "NA"]
[PlyCount "143"]
[EventDate "2019.09.07"]
[EventType "team-tourn"]
[EventCountry "POL"]
[SourceTitle "playchess.com"]
[Source "ChessBase"]
[SourceQuality "1"]
[TimeControl "40/5400+30:1800+30"]

1. d4 Nf6 2. c4 e6 3. Nf3 b6 4. g3 Bb4+ 5. Bd2 Qe7 6. Bg2 Bb7 7. O-O Bxd2 8. Qxd2 d6 9. Nc3 O-O 10. d5 e5 11. e4 Nbd7 12. Nh4 g6 13. f4 exf4 14. Qxf4 Nh5 15. Qd2 Ne5 16. b3 Rae8 17. Nb5 a6 18. Nd4 Bc8 19. Ndf3 Nxf3+ 20. Bxf3 Nf6 21. Rae1 Nd7 22. Bg2 Qe5 23. Nf3 Qg7 24. Nd4 Ne5 25. Re2 Re7 26. Ref2 Rfe8 27. h3 a5 28. a4 Bb7 29. g4 Nd7 30. Re2 Nc5 31. Rfe1 Qe5 32. Re3 Qg5 33. Qf2 Qe5 34. Ne2 Bc8 35. Ng3 Qd4 36. Rf1 Bd7 37. Ne2 Qg7 38. Ng3 c6 39. g5 cxd5 40. cxd5 b5 41. axb5 Bxb5 42. Rd1 Qe5 43. h4 Bd7 44. Bf3 Rb8 45. Rb1 a4 46. Bd1 Be8 47. b4 Na6 48. Ra3 Nxb4 49. Qd2 Reb7 50. Rba1 Na6 51. h5 Nc5 52. Qe3 Rb4 53. Bc2 Rb2 54. Rc1 Nb3 55. Bxb3 R8xb3 56. Rc3 Rxa3 57. Rxa3 Rb1+ 58. Kg2 Qb2+ 59. Kf3 Qxa3 60. Qxa3 Rb3+ 61. Qxb3 axb3 62. Ne2 b2 63. Nc3 Ba4 64. h6 Bc2 65. Kf4 f5 66. gxf6 Kf7 67. e5 dxe5+ 68. Kxe5 b1=Q 69. Nxb1 Bxb1 70. Kf4 Bc2 71. Ke5 Bb1 72. Kd4 0-1

[Event "POL-chT 1 Liga 2019"]
[Site "Dzwirzyno"]
[Date "2019.09.13"]
[Round "7.1"]
[White "Cukrowski, Filip"]
[Black "Nayhebaver, Martin"]
[Result "1/2-1/2"]
[ECO "B90"]
[WhiteElo "2410"]
[BlackElo "2491"]
[Annotator "ChessBase"]
[PlyCount "100"]
[EventDate "2019.09.07"]
[EventType "team-tourn"]
[EventCountry "POL"]
[SourceTitle "playchess.com"]
[Source "ChessBase"]
[SourceQuality "1"]
[TimeControl "40/5400+30:1800+30"]

1. e4 c5 2. Nf3 d6 3. d4 cxd4 4. Nxd4 Nf6 5. Nc3 a6 6. Be3 e5 7. Nf3 Qc7 8. a4 Be6 9. Be2 h6 10. O-O Qc6 11. Ne1 Nbd7 12. Nd3 d5 13. exd5 Nxd5 14. Bf3 Nxc3 15. Bxc6 Nxd1 16. Bxd7+ Bxd7 17. Rfxd1 f6 18. b4 Bf5 19. f4 exf4 20. Nxf4 Rc8 21. Rd5 Bxc2 22. Re1 Bxa4 23. Ng6 Rg8 24. Bc5+ Kf7 25. Nxf8 Rgxf8 26. Bxf8 Kxf8 27. Rc5 Bc6 28. Re2 Rd8 29. Kf2 Rd4 30. Rb2 Kf7 31. Ke3 Rd1 32. Rcc2 f5 33. Rd2 Rh1 34. g3 Ke6 35. Kd4 g5 36. Re2+ Kf6 37. Rf2 Re1 38. Rbe2 Rb1 39. Rb2 Rg1 40. Rbc2 h5 41. Ke3 Be4 42. Rb2 Ke5 43. b5 h4 44. bxa6 bxa6 45. gxh4 f4+ 46. Ke2 g4 47. Ra2 Bc6 48. Kd2 Bb5 49. Ra3 Rh1 50. h5 g3 1/2-1/2

[Event "POL-chT 1 Liga 2019"]
[Site "Dzwirzyno"]
[Date "2019.09.13"]
[Round "7.2"]
[White "Roubalik, Jakub"]
[Black "Lewtak, Damian"]
[Result "0-1"]
[ECO "D36"]
[WhiteElo "2405"]
[BlackElo "2377"]
[Annotator "NA"]
[PlyCount "92"]
[EventDate "2019.09.07"]
[EventType "team-tourn"]
[EventCountry "POL"]
[SourceTitle "playchess.com"]
[Source "ChessBase"]
[SourceQuality "1"]
[TimeControl "40/5400+30:1800+30"]

1. d4 d5 2. c4 e6 3. Nc3 Nf6 4. cxd5 exd5 5. Bg5 c6 6. Qc2 Be7 7. e3 Nbd7 8. Bd3 Nf8 9. Nge2 Nh5 10. Bxe7 Qxe7 11. O-O-O Bg4 12. Kb1 Bxe2 13. Bxe2 Nf6 14. g4 Ne6 15. h4 Nc7 16. g5 Nd7 17. Bd3 O-O-O 18. Qe2 Kb8 19. Qg4 Nb6 20. Rh3 Qb4 21. Rf3 Rdf8 22. Qg3 Qe7 23. Rc1 a6 24. Qf4 Ka7 25. Qg3 Ne6 26. Qe5 h6 27. Rg3 hxg5 28. hxg5 g6 29. Rgg1 Rh3 30. Qf6 Qxf6 31. gxf6 Nd7 32. Rh1 Rfh8 33. Rxh3 Rxh3 34. Kc2 Rh2 35. Rf1 Nxf6 36. Kd2 Kb8 37. Be2 Kc7 38. Ke1 Ng5 39. Rg1 Nh3 40. Rg3 Nxf2 41. Rf3 N2e4 42. Nxe4 Nxe4 43. Rxf7+ Kb6 44. b4 Rh1+ 45. Rf1 Rxf1+ 46. Bxf1 g5 0-1

[Event "POL-chT 1 Liga 2019"]
[Site "Dzwirzyno"]
[Date "2019.09.13"]
[Round "7.3"]
[White "Plichta, Kamil"]
[Black "Paszewski, Mateusz"]
[Result "1-0"]
[ECO "B10"]
[WhiteElo "2349"]
[BlackElo "2297"]
[Annotator "NA"]
[PlyCount "97"]
[EventDate "2019.09.07"]
[EventType "team-tourn"]
[EventCountry "POL"]
[SourceTitle "playchess.com"]
[Source "ChessBase"]
[SourceQuality "1"]
[TimeControl "40/5400+30:1800+30"]

1. e4 c6 2. d3 d5 3. Nd2 e5 4. Ngf3 Bd6 5. d4 exd4 6. exd5 cxd5 7. Nxd4 Nc6 8. Bb5 Nge7 9. O-O O-O 10. N2f3 Bg4 11. Be2 h6 12. h3 Bh5 13. Be3 Re8 14. Re1 Rc8 15. Qd2 Bb8 16. Bf4 Bxf4 17. Qxf4 Ng6 18. Qd2 Nxd4 19. Nxd4 Bxe2 20. Rxe2 Rxe2 21. Qxe2 Qf6 22. c3 a6 23. Re1 Rc7 24. Qf3 Qd8 25. g3 Re7 26. Rxe7 Nxe7 27. h4 Qd6 28. Qe3 h5 29. a4 g6 30. a5 Nc6 31. Nxc6 Qxc6 32. Qe5 Qb5 33. b4 Qc6 34. Kh2 Kf8 35. Qd4 Ke7 36. Kg2 Kd7 37. Kf3 Qd6 38. Ke3 Qc6 39. Kf4 Qe6 40. Kg5 Ke8 41. Qf6 Qg4+ 42. Kh6 Qe2 43. Qf4 Qb5 44. Kg7 Qd7 45. Qe5+ Kd8 46. Kf8 f5 47. Qb8+ Qc8 48. Qxc8+ Kxc8 49. Ke7 1-0

[Event "POL-chT 1 Liga 2019"]
[Site "Dzwirzyno"]
[Date "2019.09.13"]
[Round "7.4"]
[White "Ciesla, Adam"]
[Black "Reza, Wojciech"]
[Result "0-1"]
[ECO "B22"]
[WhiteElo "2273"]
[BlackElo "2293"]
[Annotator "NA"]
[PlyCount "90"]
[EventDate "2019.09.07"]
[EventType "team-tourn"]
[EventCountry "POL"]
[SourceTitle "playchess.com"]
[Source "ChessBase"]
[SourceQuality "1"]
[TimeControl "40/5400+30:1800+30"]

1. e4 c5 2. Nf3 Nc6 3. c3 Nf6 4. e5 Nd5 5. Na3 g6 6. g3 Bg7 7. Bg2 O-O 8. O-O Nc7 9. d4 cxd4 10. cxd4 d6 11. exd6 Qxd6 12. Bf4 Qd8 13. Rc1 Ne6 14. Be5 Nexd4 15. Bxg7 Kxg7 16. Nxd4 Nxd4 17. Rc4 e5 18. f4 Qb6 19. fxe5 Nf5+ 20. Rf2 Be6 21. Rc3 Ne3 22. Qd6 Qxd6 23. exd6 Nd1 24. Rd2 Nxc3 25. bxc3 Rac8 26. Bxb7 Rxc3 27. Nb5 Rc1+ 28. Kf2 Rb1 29. a4 Bd7 30. Ba6 Rb4 31. Nc3 Bxa4 32. d7 Rd8 33. Bc8 Bc6 34. Ne2 Rb6 35. Nf4 Bb7 36. Rc2 Rc6 37. Ra2 Bxc8 38. dxc8=Q Rcxc8 39. Rxa7 Rd2+ 40. Kf3 Rxh2 41. Ne6+ Kf6 42. Nf4 Rc3+ 43. Ke4 Rxg3 44. Ra6+ Kg5 45. Ra5+ f5+ 0-1

[Event "POL-chT 1 Liga 2019"]
[Site "Dzwirzyno"]
[Date "2019.09.13"]
[Round "7.5"]
[White "Renkowski, Piotr"]
[Black "Tomaszewski, Roman"]
[Result "1/2-1/2"]
[ECO "B12"]
[WhiteElo "2179"]
[BlackElo "2195"]
[Annotator "NA"]
[PlyCount "87"]
[EventDate "2019.09.07"]
[EventType "team-tourn"]
[EventCountry "POL"]
[SourceTitle "playchess.com"]
[Source "ChessBase"]
[SourceQuality "1"]
[TimeControl "40/5400+30:1800+30"]

1. e4 c6 2. d4 d5 3. f3 e6 4. e5 c5 5. c3 Nc6 6. f4 Qb6 7. Nf3 Bd7 8. Be2 Nh6 9. O-O cxd4 10. Kh1 Nf5 11. cxd4 Ncxd4 12. Bd3 Bc5 13. Nc3 Nxf3 14. Qxf3 g6 15. Rb1 a5 16. b3 h5 17. Na4 Bxa4 18. bxa4 Qc7 19. Bxf5 gxf5 20. Ba3 Bxa3 21. Qxa3 Ra6 22. Rb5 Rc6 23. h3 h4 24. Rfb1 b6 25. Qe3 Kf8 26. Rxb6 Rxb6 27. Rxb6 Rh6 28. Rb3 Kg7 29. Rc3 Qb7 30. Qc5 Qb1+ 31. Rc1 Qe4 32. Qf2 Qxa4 33. Rg1 Qe4 34. Re1 Qc4 35. Rg1 a4 36. Rb1 Rg6 37. Rb7 Rg3 38. Kh2 d4 39. Rd7 d3 40. Qa7 Rxg2+ 41. Kxg2 Qe4+ 42. Kh2 Qe2+ 43. Kh1 Qe4+ 44. Kg1 1/2-1/2

[Event "POL-chT 1 Liga 2019"]
[Site "Dzwirzyno"]
[Date "2019.09.13"]
[Round "7.6"]
[White "Lach, Aleksandra"]
[Black "Jablonska, Sabina"]
[Result "1-0"]
[ECO "A45"]
[WhiteElo "2173"]
[BlackElo "1928"]
[Annotator "NA"]
[PlyCount "119"]
[EventDate "2019.09.07"]
[EventType "team-tourn"]
[EventCountry "POL"]
[SourceTitle "playchess.com"]
[Source "ChessBase"]
[SourceQuality "1"]
[TimeControl "40/5400+30:1800+30"]

1. d4 Nf6 2. Bf4 b6 3. Nd2 Bb7 4. Ngf3 g6 5. e3 Bg7 6. Bd3 d6 7. h3 Nbd7 8. O-O O-O 9. Bh2 Re8 10. c4 e5 11. Be2 Ne4 12. d5 Nxd2 13. Qxd2 a5 14. Rad1 h6 15. e4 Nc5 16. Qc2 Bc8 17. Nd2 f5 18. f3 f4 19. Nb3 Nb7 20. c5 dxc5 21. Bb5 Bd7 22. Bc6 Rb8 23. Bxb7 Rxb7 24. Nd2 Bf8 25. Nc4 Qf6 26. Qb3 Bd6 27. Nxa5 Rbb8 28. Nc6 Ra8 29. a3 g5 30. Qc3 Kg7 31. Ra1 h5 32. a4 Ra6 33. b3 Rea8 34. Qc4 Qf8 35. Qc3 Qe8 36. h4 Bxc6 37. dxc6 Qg6 38. hxg5 Qxg5 39. Qc4 Qg6 40. Rad1 Ra5 41. Rd5 b5 42. Qc3 b4 43. Qb2 Qg5 44. Qd2 c4 45. Rxd6 cxd6 46. Qxd6 Qd8 47. Qxb4 cxb3 48. Qb7+ Kf8 49. c7 Qc8 50. Qb4+ Ke8 51. Qxb3 Qxc7 52. Qg8+ Kd7 53. Rd1+ Kc6 54. Rc1+ Rc5 55. Qxa8+ Kd7 56. Rd1+ Ke7 57. Qg8 Qb6 58. Qg7+ Ke8 59. Kh1 Qc6 60. Bg1 1-0

[Event "POL-chT 1 Liga 2019"]
[Site "Dzwirzyno"]
[Date "2019.09.13"]
[Round "7.7"]
[White "Chylewski, Patryk"]
[Black "Szwed, Jacek"]
[Result "0-1"]
[ECO "A10"]
[WhiteElo "2342"]
[BlackElo "2370"]
[Annotator "NA"]
[PlyCount "104"]
[EventDate "2019.09.07"]
[EventType "team-tourn"]
[EventCountry "POL"]
[SourceTitle "playchess.com"]
[Source "ChessBase"]
[SourceQuality "1"]
[TimeControl "40/5400+30:1800+30"]

1. c4 g6 2. Nc3 Bg7 3. d4 c5 4. d5 d6 5. e4 e6 6. Nf3 exd5 7. cxd5 a6 8. a4 Bg4 9. Be2 Bxf3 10. Bxf3 Nd7 11. O-O Ne7 12. Bg5 h6 13. Bf4 Ne5 14. Be2 O-O 15. Qd2 Kh7 16. Be3 f5 17. f4 Nd7 18. Bd3 Nf6 19. exf5 Nxf5 20. Bxf5 gxf5 21. Bf2 Qd7 22. Qd3 Ng4 23. Bh4 Rae8 24. Kh1 Qf7 25. Rfe1 Qh5 26. Qh3 Bf6 27. Bg3 Qf7 28. Bh4 Qh5 29. Bg3 Qxh3 30. gxh3 Ne3 31. Rac1 Nc4 32. b3 Nd2 33. Red1 Nxb3 34. Rb1 c4 35. Na2 Nc5 36. Bf2 Nd3 37. Rxb7+ Re7 38. Rxe7+ Bxe7 39. Be3 Rb8 40. Rd2 Bf6 41. Kg2 Re8 42. Bb6 Nxf4+ 43. Kf3 Nd3 44. Ba5 Bg5 45. Rc2 Re3+ 46. Kg2 Nf4+ 47. Kf1 Nxd5 48. h4 Bxh4 49. Rxc4 Re4 50. Rxe4 fxe4 51. Bb4 Be7 52. Ke2 Kg6 0-1

[Event "POL-chT 1 Liga 2019"]
[Site "Dzwirzyno"]
[Date "2019.09.13"]
[Round "7.8"]
[White "Zylka, Stanislaw"]
[Black "Kowalski, Igor"]
[Result "0-1"]
[ECO "E61"]
[WhiteElo "2338"]
[BlackElo "2364"]
[Annotator "NA"]
[PlyCount "108"]
[EventDate "2019.09.07"]
[EventType "team-tourn"]
[EventCountry "POL"]
[SourceTitle "playchess.com"]
[Source "ChessBase"]
[SourceQuality "1"]
[TimeControl "40/5400+30:1800+30"]

1. d4 Nf6 2. c4 g6 3. Nc3 Bg7 4. g3 O-O 5. Bg2 c6 6. e4 d6 7. Nf3 Bg4 8. h3 Bxf3 9. Bxf3 Nbd7 10. Be3 a6 11. a4 a5 12. Qc2 e5 13. Rd1 Qe7 14. Kf1 exd4 15. Bxd4 Nc5 16. Kg2 Nfd7 17. Bxg7 Kxg7 18. Rhe1 Rad8 19. Kh2 Na6 20. Na2 Ndc5 21. Bg2 Qf6 22. Re2 Rfe8 23. Red2 Nb4 24. Nxb4 axb4 25. Rd4 b3 26. Qd2 Nxa4 27. f4 Ra8 28. Rb1 Red8 29. Rd1 Re8 30. Rb1 Nb6 31. Rd1 c5 32. Rxd6 Nxc4 33. Rxf6 Nxd2 34. e5 Rad8 35. Rb6 c4 36. Rxb7 Kf8 37. Rb5 Rd3 38. h4 Red8 39. Kh3 Ne4 40. Rxd3 Nf2+ 41. Kh2 cxd3 42. Rxb3 d2 43. Bf3 d1=Q 44. Bxd1 Nxd1 45. h5 Rd2+ 46. Kh3 Rxb2 47. Ra3 Kg7 48. hxg6 hxg6 49. Kg4 Rb6 50. Kg5 Nf2 51. Ra4 Rb3 52. Kh4 Re3 53. Ra7 Re1 54. g4 Rg1 0-1

[Event "POL-chT 1 Liga 2019"]
[Site "Dzwirzyno"]
[Date "2019.09.13"]
[Round "7.9"]
[White "Nowak, Lukasz"]
[Black "Koziol, Kamil"]
[Result "1-0"]
[ECO "D38"]
[WhiteElo "2270"]
[BlackElo "2292"]
[Annotator "NA"]
[PlyCount "89"]
[EventDate "2019.09.07"]
[EventType "team-tourn"]
[EventCountry "POL"]
[SourceTitle "playchess.com"]
[Source "ChessBase"]
[SourceQuality "1"]
[TimeControl "40/5400+30:1800+30"]

1. d4 d5 2. c4 e6 3. Nf3 Nf6 4. Nc3 Bb4 5. Qa4+ Nc6 6. e3 dxc4 7. Bxc4 O-O 8. O-O Bd6 9. Rd1 Bd7 10. Qc2 e5 11. h3 a6 12. a3 Qc8 13. dxe5 Nxe5 14. Nxe5 Bxe5 15. e4 Bxh3 16. Nd5 Qg4 17. Bf1 Nxe4 18. f3 Qg3 19. f4 Ng5 20. Rd3 Bd4+ 21. Kh1 Qe1 22. Rd1 Qg3 23. fxg5 Ba7 24. Bf4 Qg4 25. Qd3 Bxg2+ 26. Bxg2 c6 27. Qh3 Qxh3+ 28. Bxh3 cxd5 29. Rxd5 f6 30. Bd6 Rfe8 31. gxf6 Re3 32. Bg2 Rae8 33. Rf1 gxf6 34. Rxf6 Kg7 35. Rf1 R8e6 36. Rg5+ Rg6 37. Bf8+ Kh8 38. Rxg6 hxg6 39. Bxb7 Rb3 40. Bxa6 Rxb2 41. Bd3 Rb6 42. Rf7 Bb8 43. Bc5 Rb3 44. Bd4+ Kg8 45. Bc4 1-0

[Event "POL-chT 1 Liga 2019"]
[Site "Dzwirzyno"]
[Date "2019.09.13"]
[Round "7.10"]
[White "Nowak, Mikolaj"]
[Black "Sanz Wawer, Daniel"]
[Result "1/2-1/2"]
[ECO "B18"]
[WhiteElo "2262"]
[BlackElo "2244"]
[Annotator "NA"]
[PlyCount "84"]
[EventDate "2019.09.07"]
[EventType "team-tourn"]
[EventCountry "POL"]
[SourceTitle "playchess.com"]
[Source "ChessBase"]
[SourceQuality "1"]
[TimeControl "40/5400+30:1800+30"]

1. e4 c6 2. d4 d5 3. Nc3 dxe4 4. Nxe4 Bf5 5. Ng3 Bg6 6. Nf3 e6 7. Ne5 Nd7 8. Nxg6 hxg6 9. Bd3 Ngf6 10. c3 Bd6 11. f4 g5 12. Qf3 Qc7 13. O-O g4 14. Qe2 O-O-O 15. c4 c5 16. b4 cxd4 17. c5 Bf8 18. Bd2 Nd5 19. Rac1 N7f6 20. Rc4 Ne3 21. Bxe3 dxe3 22. Be4 Be7 23. Qxe3 Nd5 24. Bxd5 Rxd5 25. Qe2 Rh4 26. Ne4 Rdh5 27. Nd6+ Kb8 28. Rd1 Rxh2 29. Qxg4 Qd8 30. Rcd4 Rh1+ 31. Kf2 Rxd1 32. Qxd1 Rh4 33. Qf3 Bxd6 34. Rxd6 Qf6 35. Kg3 Rh8 36. Qd3 g5 37. f5 Qe5+ 38. Kf2 Qf4+ 39. Ke2 Qe5+ 40. Kf2 Qf4+ 41. Ke2 Qg4+ 42. Kf2 Qf4+ 1/2-1/2

[Event "POL-chT 1 Liga 2019"]
[Site "Dzwirzyno"]
[Date "2019.09.13"]
[Round "7.11"]
[White "Kokoszczynski, Jan"]
[Black "Tomaszewski, Kacper"]
[Result "1/2-1/2"]
[ECO "D85"]
[WhiteElo "2289"]
[BlackElo "2363"]
[Annotator "NA"]
[PlyCount "59"]
[EventDate "2019.09.07"]
[EventType "team-tourn"]
[EventCountry "POL"]
[SourceTitle "playchess.com"]
[Source "ChessBase"]
[SourceQuality "1"]
[TimeControl "40/5400+30:1800+30"]

1. d4 Nf6 2. c4 g6 3. Nc3 d5 4. cxd5 Nxd5 5. e4 Nxc3 6. bxc3 Bg7 7. Qa4+ Qd7 8. Qb3 O-O 9. Nf3 b6 10. Bb5 c6 11. Be2 Bb7 12. Be3 c5 13. d5 Qc7 14. O-O Nd7 15. Rad1 c4 16. Qa3 Rfe8 17. Bd4 Bf8 18. Qa4 Rac8 19. Bxc4 Qxc4 20. Qxd7 Red8 21. Qh3 Bg7 22. Ng5 h6 23. Nxf7 Kxf7 24. Qe6+ Kf8 25. Bxg7+ Kxg7 26. Qxe7+ Kg8 27. Qe6+ Kg7 28. Qe7+ Kg8 29. Qe6+ Kg7 30. Qe7+ 1/2-1/2

[Event "POL-chT 1 Liga 2019"]
[Site "Dzwirzyno"]
[Date "2019.09.13"]
[Round "7.12"]
[White "Cieslak, Wiktoria"]
[Black "Moscicka, Pola"]
[Result "0-1"]
[ECO "B68"]
[WhiteElo "2063"]
[BlackElo "1994"]
[Annotator "NA"]
[PlyCount "94"]
[EventDate "2019.09.07"]
[EventType "team-tourn"]
[EventCountry "POL"]
[SourceTitle "playchess.com"]
[Source "ChessBase"]
[SourceQuality "1"]
[TimeControl "40/5400+30:1800+30"]

1. e4 c5 2. Nf3 Nc6 3. d4 cxd4 4. Nxd4 Nf6 5. Nc3 d6 6. Bg5 e6 7. f4 Be7 8. Qd2 a6 9. O-O-O Bd7 10. Be2 b5 11. Nxc6 Bxc6 12. Bf3 Rc8 13. Bxf6 gxf6 14. Kb1 Qb6 15. Rhe1 a5 16. g4 Rg8 17. h4 a4 18. g5 b4 19. Nd5 Bxd5 20. exd5 e5 21. Be4 Rg7 22. Bf5 Rb8 23. gxf6 Bxf6 24. fxe5 Bxe5 25. Qh6 b3 26. cxb3 Rg2 27. Rxe5+ dxe5 28. d6 Qc5 29. d7+ Ke7 30. Qa6 Rg1 31. Qd3 Rxd1+ 32. Qxd1 axb3 33. axb3 h6 34. h5 Qd4 35. Qf3 Rb5 36. Bc2 Rd5 37. b4 Rxd7 38. b5 Qg1+ 39. Ka2 Ra7+ 40. Kb3 Qd4 41. Qc6 Qd6 42. Qe4 Rd7 43. Qh4+ Kf8 44. Bf5 Qd1+ 45. Bc2 Rd3+ 46. Ka2 Qxc2 47. Qb4+ Kg8 0-1

[Event "POL-chT 1 Liga 2019"]
[Site "Dzwirzyno"]
[Date "2019.09.13"]
[Round "7.14"]
[White "Cyborowski, Lukasz"]
[Black "Flis, Pawel"]
[Result "1-0"]
[ECO "B53"]
[WhiteElo "2509"]
[BlackElo "1897"]
[Annotator "ChessBase"]
[PlyCount "57"]
[EventDate "2019.09.07"]
[EventType "team-tourn"]
[EventCountry "POL"]
[SourceTitle "playchess.com"]
[Source "ChessBase"]
[SourceQuality "1"]
[TimeControl "40/5400+30:1800+30"]

1. e4 c5 2. Nf3 d6 3. d4 cxd4 4. Qxd4 Nc6 5. Bb5 Bd7 6. Bxc6 Bxc6 7. Nc3 Nf6 8. Bg5 e6 9. Qd3 Be7 10. Nd4 O-O 11. O-O-O Qa5 12. f4 Rfc8 13. Rhe1 a6 14. f5 e5 15. Nb3 Qc7 16. Bxf6 gxf6 17. Kb1 b5 18. Nd2 b4 19. Nd5 Qb7 20. Nxe7+ Qxe7 21. Nc4 Rd8 22. Qg3+ Kh8 23. Qh4 Rab8 24. Ne3 Rg8 25. Ng4 Rg5 26. h3 h5 27. Nh2 Kg8 28. g4 hxg4 29. Nxg4 1-0